 Dungeon Crawl Stone Soup version 0.23.0-33-g5e6c059 (webtiles) character file.

Game seed: 6770539753687818828

212 MalarOregon the Poker (level 5, -1/64 HPs)
             Began as a Merfolk Skald on Feb 26, 2019.
             Slain by a worker ant (4 damage)
             ... on level 4 of the Dungeon.
             The game lasted 00:05:24 (3473 turns).

MalarOregon the Poker (Merfolk Skald)               Turns: 3473, Time: 00:05:25

Health: -1/64      AC: 22    Str: 14    XL:     5   Next: 90%
Magic:  7/7        EV:  2    Int: 17    God:
Gold:   147        SH:  0    Dex: 14    Spells: 7/8 levels left

rFire    . . .     SeeInvis .   a - +0 spear
rCold    . . .     Gourm    .   (no shield)
rNeg     + + +     Faith    .   (armour currently unavailable)
rPois    +         Spirit   .   (helmet currently unavailable)
rElec    .         Reflect  .   (cloak currently unavailable)
rCorr    .         Harm     .   (gloves currently unavailable)
MR       .....     NoTele   +   (boots currently unavailable)
Stlth    +.........             (no amulet)
HPRegen  0.20/turn              (no ring)
MPRegen  0.10/turn              (no ring)

@: brilliant, lethally poisoned (-1 -> -11), tree-form
A: (change form in water), (swift swim), (stealthy swim), low mp 1, strong 1
a: no special abilities


You were on level 4 of the Dungeon.
You were not hungry.
You were a tree.
You visited 1 branch of the dungeon, and saw 4 of its levels.

You collected 147 gold pieces.

Inventory:

Hand Weapons
 a - a +0 spear (weapon)
 o - a +0 blowgun
   (You took it off a kobold on level 3 of the Dungeon)
Missiles
 p - 16 poisoned needles
Armour
 b - a +0 leather armour (melded)
Scrolls
 f - a scroll of magic mapping {unknown}
 g - a scroll of noise {unknown}
 i - a scroll of enchant weapon {unknown}
 j - a scroll of identify {unknown}
 l - a scroll of random uselessness {unknown}
 m - 2 scrolls of remove curse {unknown}
Potions
 h - 2 potions of mutation {!q}
 k - a potion of flight {unknown}
 n - 2 potions of agility {unknown}
Comestibles
 e - 11 rations {!d}
 q - a chunk of flesh


   Skills:
 + Level 4.8 Fighting
 + Level 6.4 Polearms
 - Level 0.6 Armour
 - Level 2.6 Dodging
 - Level 2.0 Spellcasting
 - Level 3.2 Charms


You had 7 spell levels left.
You knew the following spells:

 Your Spells              Type           Power        Failure   Level  Hunger
a - Infusion              Chrm           ###.         1%          1    #......

Your spell library contained the following spells:

 Spells                   Type           Power        Failure   Level  Hunger
 Shroud of Golubria       Chrm/Tloc      ###.......   1%          2    ###....
 Song of Slaying          Chrm           ###.....     1%          2    ###....
 Regeneration             Chrm/Necr      ###.......   3%          3    ###....
 Spectral Weapon          Hex/Chrm       ###.....     3%          3    ###....


Dungeon Overview and Level Annotations

Branches:
Dungeon (4/15)
 Temple: D:4-7

Altars:
Hepliaklqana


Innate Abilities, Weirdness & Mutations

((You revert to your normal form in water))
((You are very nimble and swift while swimming.))
((You are very stealthy in the water. (Stealth+)))
Your magical capacity is low. (-10% MP)
Your muscles are strong. (Str +2)


Message History

You feel sick. The worker ant barely misses you.
You hit the worker ant but do no damage.
You feel sick. The worker ant closely misses you.
You hit the worker ant but do no damage.
The worker ant barely misses you.
You barely miss the worker ant.
You feel sick.
The worker ant bites you but does no damage.
You hit the worker ant but do no damage.
The worker ant bites you.
You are more poisoned.
The worker ant poisons you!
You hit the worker ant but do no damage.
You feel sick. The worker ant barely misses you.
A worker ant is nearby!
You hit the worker ant but do no damage.
You feel sick.
Unknown command.
You hit the worker ant.
You feel sick. The worker ant bites you.
* * * LOW HITPOINT WARNING * * *
You closely miss the worker ant.
You feel sick. The worker ant bites you.
* * * LOW HITPOINT WARNING * * *
You hit the worker ant but do no damage.
You feel sick. The worker ant closely misses you.
You hit the worker ant.
You feel sick. The worker ant bites you.
* * * LOW HITPOINT WARNING * * *
You hit the worker ant but do no damage.
You hear the slow rusting of a distant drain.
You hear the slow hiss of a very distant avalanche of sand.
You feel sick. The worker ant barely misses you.
You hit the worker ant. The worker ant bites you.
* * * LOW HITPOINT WARNING * * *
You are more poisoned.
The worker ant poisons you!
It was a potion of mutation.
You feel extremely strange.
You feel less energetic.
You feel stronger.
* * * LOW HITPOINT WARNING * * *
You feel sick. The worker ant closely misses you.
It was a potion of lignification.
You turn into a tree.
Your +0 leather armour melds into your body.
Your roots penetrate the ground.
* * * LOW HITPOINT WARNING * * *
You feel sick.
The worker ant bites you but does no damage.
It was a potion of brilliance.
You feel clever all of a sudden.
* * * LOW HITPOINT WARNING * * *
You feel sick.
The worker ant bites you but does no damage.
The worker ant bites you.
You die...

#.# .# #.# .#
######.# .#
#......####.#
###.#.........#####
#>.................
#.#.#.#####......#
#.#.#.# #.####.#
#.#.#.# #♣# #.#.#.#
#a# #.#.#.# #.#
#.#.#.# ... #.#.#.#
#.# #.#.#.# #.#
###'#.#.# #.#
#.....#.#####.#
#......<.......


You could see a worker ant.

Vanquished Creatures
  An ogre (D:3)
  An orc priest (D:3)
  2 adders
  2 oozes (D:1)
  A worm (D:2)
  A dart slug (D:1)
  3 leopard geckos
  4 orcs (D:3)
  2 giant cockroaches
  8 goblins
  6 hobgoblins
  3 jackals (D:1)
  7 kobolds
  2 quokkas
  4 bats
  2 frilled lizards
  8 rats
57 creatures vanquished.

Notes
Turn   | Place    | Note
-------+----------+-------------------------------------------
     0 | D:1      | MalarOregon the Merfolk Skald began the quest for the Orb.
     0 | D:1      | Reached XP level 1. HP: 16/16 MP: 3/3
   100 | D:1      | Reached XP level 2. HP: 13/23 MP: 5/5
   495 | D:1      | Reached skill level 4 in Polearms
   542 | D:1      | Reached XP level 3. HP: 18/29 MP: 6/6
  2067 | D:3      | Reached XP level 4. HP: 36/36 MP: 7/7
  2071 | D:3      | Reached skill level 5 in Polearms
  2207 | D:3      | Found a hazy altar of Hepliaklqana.
  2516 | D:3      | Noticed an ogre
  2713 | D:3      | Killed an ogre
  2713 | D:3      | Reached skill level 6 in Polearms
  2713 | D:3      | Reached XP level 5. HP: 19/43 MP: 8/8
  3471 | D:4      | Gained mutation: Your magical capacity is low. (-10% MP)
                  | [potion of mutation]
  3471 | D:4      | Gained mutation: Your muscles are strong. (Str +2) [potion
                  | of mutation]
  3472 | D:4      | HP: 3/64 [poisoned by a worker ant]
  3473 | D:4      | Slain by a worker ant

Skill      XL: |  1  2  3  4 |
---------------+-------------+-----
Fighting       | 3 4 |  4.8
Polearms       | 4 6 |  6.4
Armour         | |  0.6
Dodging        | |  2.6
Spellcasting   | |  2.0
Charms         | |  3.2

Action                   |  1- 3 |  4- 6 || total
-------------------------+-------+-------++-------
Melee: Spear             |   178 |   101 ||   279
 Fire: Blowgun           |       |    17 ||    17
  Use: Potion            |       |     3 ||     3
 Stab: Sleeping          |     2 |     2 ||     4
  Eat: Chunk             |     3 |     5 ||     8
Armor: Leather armour    |    22 |    14 ||    36
       Skin              |       |     2 ||     2
Dodge: Dodged            |    80 |    55 ||   135
